 Dungeon Crawl Stone Soup version 0.30-a0-462-gd5975efbca (webtiles) character file.

Game seed: 3598038697011935505

9 drugrobin the Sneak (level 1, -2/18 HPs)
             Began as a Demigod Delver on Dec 17, 2022.
             Killed from afar by Ijyb (6 damage)
             ... with a puff of flame
             ... on level 5 of the Dungeon.
             The game lasted 00:01:10 (125 turns).

drugrobin the Sneak (Demigod Delver)                 Turns: 125, Time: 00:01:10

Health: -2/18      AC:  4    Str: 13    XL:     1   Next: 86%
Magic:  3/3        EV: 11    Int: 12    God:
Gold:   21         SH:  0    Dex: 15    Spells: 0/0 levels left

rFire   . . .      SeeInvis .      - Unarmed
rCold   . . .      Faith    .    (no shield)
rNeg    . . .      Spirit   .    a - +0 leather armour
rPois   .          Reflect  .    (no helmet)
rElec   .          Harm     .    g - +0 cloak
rCorr   .          Rampage  .    (no gloves)
Will    .....                    (no boots)
Stlth   +++.......               (no amulet)
HPRegen 0.23/turn                (no ring)
MPRegen 0.08/turn                (no ring)

@: no status effects
A: high MP 1, forlorn, divine attributes
a: no special abilities


You were on level 5 of the Dungeon.
You visited 1 branch of the dungeon, and saw 2 of its levels.

You collected 21 gold pieces.

Inventory:

Armour
 a - a +0 leather armour (worn)
 g - a +0 cloak (worn)
Wands
 f - a wand of digging (3)
Scrolls
 b - a scroll of fog
Potions
 e - a potion of haste


   Skills:
 - Level 2.6 Fighting
 - Level 1.7 Dodging
 - Level 4.5 Stealth
 + Level 2.5 Unarmed Combat


You couldn't memorise any spells.
You didn't know any spells.
Your spell library was empty.

Dungeon Overview and Level Annotations

Branches:
Dungeon (5/15)
 Temple: D:4-7

Annotations:
D:5 Ijyb


Innate Abilities, Weirdness & Mutations

You have an increased reservoir of magic. (+10% MP)
You shall have no god before yourself.
Your divine heritage dramatically boosts your attributes as you level up.


Message History

The white imp hits you but does no damage.
The ufetubus hits you but does no damage.
The ufetubus closely misses you.
Unknown command.
Unknown command.
Unknown command.
Ijyb shouts!
You hit the white imp but do no damage. The ufetubus closely misses you.
The ufetubus hits you but does no damage.
The white imp closely misses you.
Unknown command.
Unknown command.
Unknown command.
As you read the scroll of magic mapping, it crumbles to dust.
You feel aware of your surroundings.
You sensed 1 shop/portal.
The ufetubus hits you but does no damage.
The ufetubus barely misses you. The white imp hits you.
* * * LOW HITPOINT WARNING * * *
The white imp freezes you.
* * * LOW HITPOINT WARNING * * *
The ufetubus completely misses you.
The ufetubus hits you but does no damage.
Unknown command.
Unknown command.
As you read the scroll of fear, it crumbles to dust.
You assume a fearsome visage.
Ijyb looks frightened!
The white imp looks frightened!
The ufetubus looks frightened!
The ogre looks frightened!
Found a stone staircase leading down.
A howler monkey comes into view.
Ijyb yells, "Help!"
Found a stone staircase leading up.
Cornered, Ijyb turns to fight!
The ufetubus seems to regain its courage.
Ijyb barely misses you.
There is a stone staircase leading up here.
Unknown command.
Unknown command.
Ijyb zaps a wand.
The puff of flame hits you.
You die...

############
#..........#
#.@g5>.....#
#..........########
#................5.
#..........########
#####............##
####.........##
#.........#. ***
#........... *,*
#...........


You could see Ijyb and an ufetubus.

Vanquished Creatures
  An adder (D:5)
1 creature vanquished.

Notes
Turn   | Place    | Note
-------+----------+-------------------------------------------
     0 | D:5      | drugrobin the Demigod Delver began the quest for the Orb.
     0 | D:5      | Reached XP level 1. HP: 18/18 MP: 3/3
    40 | D:4      | Noticed a howler monkey
    40 | D:4      | Noticed an orc wizard
    40 | D:4      | Noticed an orc priest
    96 | D:5      | Noticed an ogre
   108 | D:5      | Noticed Ijyb
   114 | D:5      | Noticed a howler monkey
   125 | D:5      | Killed from afar by Ijyb

Illustrated notes

Levels and vault maps discovered:
D:4:      layout_basic, minmay_door_square
D:5:      layout_rooms, nicolae_shop_sticking_my_neck_out, uniq_ijyb

Skill      XL: |  1 |
---------------+----+-----
Unarmed Combat | 2 |  2.5
Fighting       | |  2.6
Dodging        | |  1.7
Stealth        | |  4.5

Action                   || total
-------------------------++-------
Melee: Unarmed           ||    20
       Punch             ||     1
  Use: Scroll            ||     2
Armor: Leather armour    ||    19
Dodge: Dodged            ||    26

Table legend: (Time is in decaauts)
 A = Elapsed time spent in this place.
 B = Non-inter-level travel time spent in this place.
 C = Inter-level travel time spent in this place.
 D = Time resting spent in this place.
 E = Time spent auto-exploring this place.
 F = Levels seen in this place.
 G = Mean time per level.
                   A        B        C        D        E       F      G
               +--------+--------+--------+--------+--------+-----+--------+
         Total |    124 |    124 |      0 |      0 |      9 |   2 |   62.0 |
       Dungeon |    124 |    124 |      0 |      0 |      9 |   2 |   62.0 |
               +--------+--------+--------+--------+--------+-----+--------+

Top non-repeatable levels by time:
     D:5: 122 daAuts
     D:4: 1 daAuts
